Map: [ESL] Cosmic Sapphire

Players

Dark - Winner!

  • Race: Zerg Zerg
  • Spawn Location: 5:00

Astrea

  • Race: Protoss Protoss
  • Spawn Location: 11:00

Event: DreamHack SC2 Masters 2022 Valencia

VOD

Have the link to the VOD?

Description

Time

  • Played on: July 2, 2022, 9:23 a.m.
  • Length: 16:05

All games in this series

Show
View Real Time Build Order
Export as new Build Order

Dark Zerg - Winner!

Build Orders: Hatch First 

Get SALT Encoding   

  12  0:00  Drone  
  13  0:12  Overlord  
  13  0:16  Drone  
  14  0:30  Drone x2  
  17  0:35  Drone  
  17  0:51  Hatchery  
  17  0:56  Drone  
  17  0:59  Drone  
  18  1:09  Extractor  
  17  1:13  Spawning Pool  
  17  1:15  Drone  
  17  1:19  Drone  
  18  1:28  Drone  
  19  1:39  Drone  
  20  1:49  Drone  
  21  2:00  Drone  
  22  2:03  Queen, Zergling x2  
  22  2:04  Queen  
  27  2:11  Metabolic Boost  
  27  2:12  Overlord  
  27  2:16  Drone  
  28  2:30  Drone x2  
  28  2:33  Drone  
  31  2:38  Hatchery  
  31  2:43  Queen  
  32  2:47  Overlord  
  32  2:51  Zergling x2  
  33  2:53  Zergling x2  
  33  2:54  Zergling x2  
  35  3:00  Zergling x2  
  36  3:06  Drone  
  36  3:10  Drone  
  38  3:14  Overlord  
  38  3:15  Drone x2  
  39  3:23  Drone x2  
  39  3:25  Queen  
  42  3:31  Drone  
  43  3:34  Overlord  
  43  3:39  Evolution Chamber  
  43  3:41  Overlord  
  42  3:42  Drone  
  43  3:51  Queen  
  43  3:52  Drone x2  
  48  3:55  Zergling x4  
  48  4:00  Zergling x10  
  54  4:05  Zergling x2, Zerg Melee Weapons Level 1  
  54  4:08  Zergling x2  
  56  4:10  Zergling x2  
  57  4:18  Zergling x6  
  60  4:24  Zergling x2  
  60  4:25  Zergling x2  
  60  4:28  Zergling x4  
  60  4:29  Zergling x10  
  68  4:34  Zergling x4  
  67  4:39  Zergling x2  
  67  4:45  Zergling x4  
  64  4:47  Zergling x2  
  64  4:50  Drone x2  
  66  4:54  Baneling Nest  
  66  4:55  Extractor  
  66  4:56  Drone  
  66  4:59  Drone  
  66  5:01  Drone  
  66  5:07  Overlord  
  67  5:13  Drone x3  
  67  5:16  Drone x2  
  67  5:17  Drone x2  
  68  5:21  Zergling x4  
  68  5:22  Zergling x2  
  68  5:26  Zergling x4  
  73  5:29  Overlord  
  73  5:40  Baneling x6  
  73  5:41  Zergling x14  
  80  5:45  Spore Crawler, Zergling x6  
  80  5:47  Spore Crawler  
  80  5:48  Zergling x2  
  80  5:49  Baneling  
  81  5:52  Zergling x4  
  81  5:56  Baneling x3  
  80  6:08  Zergling x6, Baneling  
  80  6:09  Baneling  
  80  6:10  Zergling x2  
  75  6:20  Zergling x4  
  75  6:21  Zergling x16  
  75  6:25  Baneling  
  75  6:26  Zergling x4  
  74  6:33  Zergling x2  
  74  6:37  Zergling x2  
  74  6:38  Zergling x10  
  78  6:40  Zergling x6  
  78  6:43  Baneling  
  79  6:56  Zergling x6  
  79  6:57  Roach Warren  
  79  6:59  Drone  
  79  7:00  Drone  
  79  7:03  Drone x3  
  79  7:06  Drone  
  79  7:07  Overlord, Zergling x2  
  79  7:08  Zergling x2  
  84  7:09  Baneling x2  
  84  7:10  Baneling x2  
  84  7:11  Zergling x2  
  84  7:12  Zergling x4  
  87  7:18  Drone  
  87  7:19  Overlord  
  87  7:20  Extractor, Zergling x2  
  87  7:22  Lair  
  86  7:33  Zergling x12  
  82  7:44  Roach x7  
  92  7:46  Drone  
  92  7:50  Zerg Missile Weapons Level 1  
  92  7:53  Drone  
  92  7:56  Drone x2  
  92  7:58  Drone x2  
  97  7:59  Extractor  
  97  8:00  Extractor  
  97  8:01  Overlord  
  97  8:04  Roach x2  
  99  8:07  Drone  
  99  8:08  Drone  
  99  8:10  Drone x2  
  99  8:12  Drone  
  104  8:15  Drone x2  
  104  8:18  Overlord  
  106  8:21  Glial Reconstitution  
  106  8:24  Drone x2  
  108  8:32  Roach  
  108  8:33  Roach x2  
  114  8:34  Overseer  
  114  8:43  Drone x6  
  114  8:44  Drone x2  
  119  8:52  Drone x2  
  120  8:57  Extractor  
  119  9:03  Roach  
  119  9:05  Overlord x4  
  119  9:09  Overlord  
  121  9:11  Hatchery  
  121  9:16  Overlord  
  120  9:22  Overlord  
  120  9:24  Roach x5  
  130  9:28  Roach x3  
  136  9:36  Roach x3  
  146  9:38  Roach x2  
  146  9:46  Roach x2  
  146  9:52  Spire  
  149  9:55  Drone x3  
  149  9:56  Drone  
  149  9:57  Drone  
  154  10:00  Drone x2  
  154  10:01  Drone  
  154  10:04  Zerg Melee Weapons Level 2  
  154  10:06  Centrifugal Hooks  
  157  10:11  Drone  
  157  10:12  Drone  
  159  10:15  Overlord  
  159  10:20  Overlord  
  159  10:27  Extractor  
  158  10:29  Extractor  
  158  10:32  Ravager x3  
  160  10:41  Drone  
  160  10:53  Zergling x8  
  160  10:55  Hatchery  
  163  11:05  Mutalisk x13  
  186  11:15  Zergling x2  
  186  11:16  Zergling x22  
  198  11:22  Baneling x8  
  197  11:34  Baneling x2  
  197  11:35  Baneling x2  
  189  11:51  Zergling x26  
  196  11:56  Baneling x7  
  196  11:57  Baneling x15  
  184  12:03  Drone x4  
  183  12:10  Drone x5  
  184  12:17  Zergling x8  
  188  12:34  Zergling x10  
  186  12:43  Zergling x14  
  192  12:45  Zergling x2  
  192  12:46  Zergling x12  
  192  12:48  Baneling x5  
  197  12:58  Overlord  
  190  13:00  Baneling x6  
  181  13:06  Overlord  
  181  13:10  Overlord  
  157  13:32  Roach x4  
  153  13:54  Roach  
  153  13:55  Roach, Ravager x13  
  168  14:06  Hatchery  
  168  14:07  Roach x3  
  173  14:19  Roach x2  
  177  14:36  Overlord  
  177  14:37  Overlord x2  
  177  14:39  Overlord  
  174  14:45  Overlord  
  174  14:47  Overlord  
  174  14:56  Roach x6  
  185  15:01  Pneumatized Carapace, Drone x2  
  185  15:04  Ravager x4  
  187  15:10  Overseer  
  187  15:11  Overseer  
  187  15:14  Drone x3  
  188  15:19  Overseer  
  187  15:26  Zergling x6  
  190  15:30  Baneling x3  
  190  15:31  Baneling  
  190  15:32  Roach  
  190  15:37  Roach x2  
Show
View Real Time Build Order
Export as new Build Order

Astrea Protoss 

Build Orders: Nexus First, Phoenix Opening, Mass Adepts 

Get SALT Encoding   

  12  0:00  Probe  
  13  0:12  Probe  
  14  0:18  Pylon  
  14  0:24  Probe  
  15  0:36  Probe  
  16  0:48  Probe  
  17  0:57  Nexus  
  17  1:06  Gateway  
  17  1:10  Probe (Chrono Boost)  
  18  1:15  Assimilator  
  18  1:22  Probe (Chrono Boost)  
  18  1:23  Assimilator  
  19  1:27  Probe (Chrono Boost)  
  20  1:36  Probe  
  20  1:39  Gateway  
  21  1:48  Probe (Chrono Boost)  
  21  1:53  Cybernetics Core  
  22  2:01  Probe (Chrono Boost)  
  23  2:03  Pylon  
  23  2:07  Probe (Chrono Boost)  
  23  2:09  Probe (Chrono Boost)  
  25  2:17  Probe  
  25  2:21  Probe  
  27  2:27  Adept x2 (Chrono Boost)  
  27  2:29  Warp Gate (Chrono Boost), Probe  
  28  2:33  Probe  
  33  2:41  Probe  
  34  2:45  Probe  
  34  2:50  Stalker, Sentry  
  39  2:53  Probe  
  39  2:56  Pylon  
  39  2:57  Probe  
  41  3:03  Shield Battery  
  41  3:06  Probe  
  41  3:09  Probe  
  43  3:16  Adept  
  45  3:20  Adept  
  45  3:22  Probe  
  45  3:26  Probe  
  47  3:27  Pylon  
  47  3:33  Phoenix  
  48  3:34  Probe  
  48  3:42  Probe  
  48  3:44  Pylon  
  48  3:46  Probe  
  50  3:48  Twilight Council  
  50  3:55  Nexus, Probe  
  51  3:57  Pylon  
  51  3:58  Probe  
  52  4:03  Assimilator  
  52  4:05  Robotics Facility  
  52  4:07  Probe  
  53  4:10  Probe, Adept  
  53  4:11  Adept  
  58  4:19  Probe  
  58  4:20  Shield Battery  
  59  4:24  Shield Battery  
  59  4:25  Probe  
  59  4:30  Pylon  
  59  4:31  Probe  
  61  4:32  Adept x2  
  61  4:37  Probe  
  64  4:43  Probe  
  63  4:47  Adept  
  63  4:48  Adept  
  63  4:50  Probe  
  64  4:55  Probe  
  64  4:58  Observer  
  66  5:02  Probe  
  66  5:07  Probe x2  
  68  5:10  Adept  
  68  5:11  Adept  
  69  5:14  Probe  
  69  5:17  Resonating Glaives (Chrono Boost)  
  69  5:19  Probe x2  
  69  5:22  Gateway x2  
  69  5:23  Shield Battery  
  69  5:26  Probe  
  68  5:30  Gateway  
  68  5:31  Probe x2  
  68  5:32  Adept  
  68  5:33  Adept  
  74  5:39  Probe  
  74  5:40  Gateway  
  73  5:43  Probe, Gateway  
  73  5:45  Probe  
  73  5:48  Adept  
  77  5:50  Warp Prism  
  77  5:51  Probe  
  77  5:55  Probe  
  81  5:59  Pylon  
  79  6:05  Adept  
  79  6:08  Adept  
  79  6:09  Probe  
  72  6:18  Probe  
  73  6:20  Adept x2  
  73  6:22  Probe  
  73  6:24  Pylon  
  74  6:26  Probe  
  74  6:27  Adept  
  74  6:30  Probe  
  65  6:36  Adept  
  65  6:37  Adept  
  66  6:40  Probe  
  66  6:46  Adept x2  
  66  6:47  Adept  
  66  6:49  Adept  
  65  6:59  Adept  
  67  7:07  Nexus  
  67  7:10  Adept x4  
  67  7:12  Pylon  
  67  7:15  Probe x2  
  77  7:25  Pylon  
  77  7:30  Adept x3  
  77  7:31  Adept  
  77  7:35  Adept  
  77  7:36  Probe  
  82  7:45  Probe  
  82  7:46  Adept x2  
  82  7:48  Probe  
  84  7:54  Templar Archives  
  84  7:59  Adept x2, Shield Battery  
  84  8:01  Probe  
  84  8:04  Observer  
  84  8:05  Probe, Assimilator  
  90  8:14  Probe (Chrono Boost)  
  90  8:15  Robotics Bay  
  90  8:18  Probe (Chrono Boost)  
  92  8:22  Probe (Chrono Boost)  
  92  8:26  Probe (Chrono Boost)  
  94  8:29  Assimilator  
  94  8:30  Probe (Chrono Boost), Assimilator  
  94  8:31  Probe (Chrono Boost), High Templar x4  
  104  8:36  Archon x2  
  104  8:37  Pylon  
  100  8:56  Charge  
  100  9:00  Disruptor (Chrono Boost)  
  100  9:06  Gateway  
  100  9:09  Forge  
  101  9:10  Pylon  
  101  9:14  Stalker  
  101  9:17  High Templar x2, Zealot x4  
  105  9:21  Archon  
  115  9:28  Observer  
  115  9:29  Disruptor  
  118  9:32  Nexus  
  118  9:36  Pylon  
  118  9:39  Protoss Ground Weapons Level 1 (Chrono Boost), Pylon  
  118  9:48  Probe x3  
  121  9:57  Zealot x2  
  124  10:00  Pylon x2  
  124  10:01  Pylon  
  124  10:04  Gateway  
  124  10:11  Pylon  
  124  10:12  Observer  
  124  10:13  Nexus, Photon Cannon  
  124  10:18  Warp Prism (Chrono Boost)  
  124  10:19  Pylon, High Templar x3  
  124  10:20  High Templar, Zealot x4  
  141  10:24  Archon  
  141  10:28  Archon  
  141  10:33  Blink (Chrono Boost)  
  141  10:39  Probe x3  
  141  10:41  Photon Cannon, Shield Battery  
  143  10:44  Pylon  
  139  10:51  Probe  
  139  10:53  Disruptor  
  143  10:59  High Templar x2  
  143  11:00  Probe x2  
  147  11:04  Archon, High Templar x2  
  147  11:05  Photon Cannon, Zealot x3  
  147  11:09  Archon  
  157  11:19  Probe  
  157  11:20  Probe  
  157  11:21  Photon Cannon  
  159  11:26  Assimilator  
  159  11:27  Assimilator  
  157  11:36  Zealot x7  
  171  11:43  Probe x4  
  155  11:55  Probe x3  
  155  11:58  Warp Prism  
  142  12:03  Protoss Ground Weapons Level 2 (Chrono Boost)  
  142  12:05  Photon Cannon  
  142  12:07  Photon Cannon  
  142  12:08  Photon Cannon x2  
  132  12:14  High Templar x5  
  132  12:15  High Templar  
  136  12:19  Archon x2  
  136  12:20  Archon  
  136  12:23  Stalker  
  136  12:24  Stalker x2  
  131  12:43  Photon Cannon  
  131  12:44  Photon Cannon  
  119  12:45  Photon Cannon  
  119  12:46  High Templar x4  
  119  12:50  Pylon, Archon x2  
  106  13:09  Cybernetics Core  
  106  13:10  Gateway  
  106  13:11  Photon Cannon  
  106  13:13  Dark Shrine, Photon Cannon  
  106  13:14  Pylon  
  106  13:15  Gateway  
  72  13:49  Stalker x2  
  76  13:57  Robotics Facility  
  76  14:00  Gateway  
  76  14:02  Gateway  
  76  14:11  Nexus  
  74  14:23  Probe x2  
  76  14:26  Nexus, Dark Templar x2  
  76  14:29  Dark Templar  
  82  14:33  Stalker  
  82  14:35  Probe  
  83  14:39  Probe  
  84  14:55  Stalker  
  86  15:06  Stalker x5  
  92  15:18  Probe x2  
  92  15:19  Pylon  
  94  15:22  Robotics Bay  
  94  15:23  Observer  
  94  15:24  Pylon  
  94  15:27  Pylon  
  93  15:39  Pylon, Probe  
  93  15:40  Stalker x5  
  104  15:49  Dark Templar  
  102  15:50  Probe  

Tags
 
Add a new tag
Caveats
  • Supply blocks, unpowered buildings, or Contaminate may cause inaccurate times.
  • Supply counts are checked every 10 seconds.